 Dungeon Crawl Stone Soup version 0.29.0-4-gdea44cf6ec (webtiles) character file.

Game seed: 8838420712353402979

4018 qw the Cleaver (level 10, 0/60 HPs)
             Began as a Tengu Warper on Aug 28, 2022.
             Was a Believer of Okawaru.
             Killed by divine providence
             ... invoked by an orc priest
              (17 damage)
             ... on level 8 of the Dungeon.
             The game lasted 00:00:48 (8023 turns).

qw the Cleaver (Tengu Warper)                       Turns: 8023, Time: 00:00:48

Health: 0/60       AC: 19    Str: 15    XL:     10   Next: 23%
Magic:  12/14      EV:  9    Int: 14    God:    Okawaru [**....]
Gold:   414        SH:  0    Dex: 14    Spells: 13/13 levels left

rFire   . . .      SeeInvis .   Y - +1 war axe
rCold   . . .      Faith    .   (no shield)
rNeg    . . .      Spirit   .   c - +0 plate armour
rPois   .          Reflect  .   (helmet restricted)
rElec   +          Harm     .   m - +0 cloak
rCorr   .          Rampage  .   j - +0 pair of gloves
Will    .....                   (boots unavailable)
Stlth   ..........              (no amulet)
HPRegen 0.20/turn               (no ring)
MPRegen 0.14/turn               (no ring)

@: heroic, flying quickly and evasively, quick
A: beak, talons 3, nimble flight, passive freeze, shaggy fur 1, electricity
resistance
a: Renounce Religion, Heroism


You were on level 8 of the Dungeon.
You worshipped Okawaru.
Okawaru was pleased with you.
You visited 1 branch of the dungeon, and saw 8 of its levels.

You collected 414 gold pieces.


Innate Abilities, Weirdness & Mutations

You have a beak for a mouth.
You have claws for feet.
Your magical nature lets you fly swiftly and evasively.
A frigid envelope surrounds you and freezes all who hurt you.
You are covered in fur. (AC +1)
You are resistant to electric shocks. (rElec)


   Skills:
 + Level 5.7(10.7) Fighting
 - Level 12.0(17.0) Axes
 - Level 3.0(8.0) Throwing
 - Level 6.2(11.2) Armour
 - Level 2.1(7.1) Dodging
 - Level 2.0 Spellcasting
 - Level 2.4 Translocations
 - Level 4.0 Invocations


You had 13 spell levels left.
You didn't know any spells.
Your spell library contained the following spells:

 Spells                   Type           Power      Damage    Failure   Level
 Blink                    Tloc           16%        N/A       99%         2
 Gell's Gravitas          Tloc           8%         N/A       100%        3
 Lesser Beckoning         Tloc           8%         N/A       100%        3
 Teleport Other           Tloc           8%         N/A       100%        3
 Manifold Assault         Tloc           8%         N/A       100%        5

Inventory:

Hand Weapons
 a - a +0 hand axe of flaming
 Y - a +1 war axe (weapon)
Missiles
 b - 3 javelins (quivered)
Armour
 c - a +0 plate armour (worn)
 j - a +0 pair of gloves (worn)
 m - a +0 cloak (worn)
Scrolls
 d - a scroll of identify
Potions
 e - a potion of might
 f - a potion of cancellation {unknown}
 i - 2 potions of mutation
 k - 3 potions of curing
 l - a potion of ambrosia {unknown}

Dungeon Overview and Level Annotations

Branches:
Dungeon (8/15)             Temple (0/1) D:7
   Lair: D:8-11

Altars:
Elyvilon
Makhleb
Okawaru
Qazlal
Sif Muna
Trog
Uskayaw
Vehumet
Xom
Yredelemnul
The Shining One

Annotations:
D:5 1 runed translucent door, Crazy Yiuf
D:8 2 transporters, qw's ghost, novice TeWr


Message History

You feel like a meek peon again. The orc hits you but does no damage.
The orc is very cold.
You kill the orc!
Okawaru accepts your kill.
The orc priest looks encouraged for a moment.
The orc wizard mumbles some strange words.
The orc wizard flickers and vanishes!
Deactivating autopickup; reactivate with Ctrl-A.
The orc wizard hits you with a +0 club.
The orc wizard is very cold.
You kill the orc wizard!
Okawaru accepts your kill.
8019 ||| INVOKING Heroism.
You gain the combat prowess of a mighty hero.
Something hits you but does no damage.
You slash the orc priest! Your kick misses the orc priest.
The orc priest is heavily wounded.
You hit something but do no damage. You closely miss the orc priest.
You claw the orc priest! Your peck misses the orc priest.
The orc priest is almost dead.
You hit something. Something hits you but does no damage.
Okawaru accepts your kill.
Reactivating autopickup.
You feel a bit more experienced.
The orc priest casts a cantrip, but nothing happens.
You closely miss the orc priest. You claw the orc priest.
You kill the orc priest!
Okawaru accepts your kill.
You slash the orc!
You kill the orc!
An orc comes into view.
It is wielding a +1 short sword of speed.
You hit the orc priest but do no damage.
You claw the orc priest. Your peck misses the orc priest.
You punch the orc priest, but do no damage.
The orc priest is moderately wounded.
You closely miss the orc.
The orc priest mumbles some strange prayers to Beogh against you.
Beogh smites you!
You die...

.######...#.#.#.# .#
#...#.#.#.# ....
.######.........# #..#
..........###.### .....
..######......# .....
...## ##.##### ..#..#
....## #..## ###......
.....####...####)oo.)(.o
.....'......>...@o...(..
.....####...######......
....###.....# .#..#
...## #.#.#.### ....
..## #.#.....# ... '##
#.###.#.# .# .####
#.....#.# .
....#########.#
.^............#


You could see an orc priest and 3 orcs.

Vanquished Creatures
  Sigmund (D:4)
  A wyvern (D:7)
  A steam dragon (D:8)
  3 water moccasins
  2 black bears
  3 orc warriors
  2 ice beasts (D:6)
  2 ogres
  4 phantoms
  2 kobold brigands (D:7)
  4 bullfrogs
  A scorpion (D:6)
  A gnoll sergeant (D:7)
  9 killer bees (D:7)
  6 howler monkeys
  3 hounds
  2 jellies
  7 orc priests
  A gnoll bouda (D:4)
  3 iguanas
  9 orc wizards
  10 adders
  8 gnolls
  A worm (D:4)
  3 dart slugs
  24 orcs
  6 ball pythons
  5 bats
  3 endoplasms
  4 giant cockroaches
  4 goblins
  9 hobgoblins
  6 jackals (D:3)
  8 kobolds
  3 quokkas
  5 frilled lizards
  A rat (D:3)
167 creatures vanquished.

Vanquished Creatures (others)
  A water moccasin (D:8)
1 creature vanquished.

Grand Total: 168 creatures vanquished

Notes
Turn   | Place    | Note
-------+----------+-------------------------------------------
     0 | D:1      | qw the Tengu Warper began the quest for the Orb.
     0 | D:1      | Reached XP level 1. HP: 12/12 MP: 4/4
     0 | D:1      | 0 ||| qw: Version: 0.1-a-89-g26bdef1
     0 | D:1      | 0 ||| qw: Game counter: 3161
     0 | D:1      | 0 ||| qw: Always use a shield: true
     0 | D:1      | 0 ||| qw: God list: Okawaru
     0 | D:1      | 0 ||| qw: Allow faded altars: false
     0 | D:1      | 0 ||| qw: Do Orc after D:15 true
     0 | D:1      | 0 ||| qw: Do second Lair branch before Depths: true
     0 | D:1      | 0 ||| qw: Lair rune preference: random
     0 | D:1      | 0 ||| qw: Plans: Normal
     0 | D:1      | 0 ||| PLANNING D:1-11
    22 | D:1      | Found a faded altar of an unknown god.
   142 | D:1      | 142 ||| Stepping ~*~*~tactically~*~*~ (hiding).
   151 | D:1      | Reached XP level 2. HP: 15/17 MP: 6/6
   185 | D:1      | Reached skill level 3 in Axes
   322 | D:1      | 322 ||| DROPPING +0 club.
   480 | D:1      | Reached XP level 3. HP: 17/21 MP: 7/7
   678 | D:1      | 678 ||| UPGRADING to +0 scale mail.
   688 | D:1      | 688 ||| DROPPING +0 leather armour.
   689 | D:1      | 689 ||| UPGRADING to +0 pair of gloves.
   694 | D:1      | 694 ||| UPGRADING to amulet of guardian spirit.
   699 | D:1      | 699 ||| READING scroll labelled DUEPEM ULAPEON.
   700 | D:1      | 700 ||| READING scroll labelled IWAUXE IREOPS.
   701 | D:1      | 701 ||| DROPPING +0 whip.
   702 | D:1      | 702 ||| DROPPING scroll of blinking.
   879 | D:2      | 879 ||| SWAPPING to +0 war axe.
   881 | D:2      | 881 ||| Stepping ~*~*~tactically~*~*~ (stealth).
   890 | D:2      | Reached skill level 4 in Axes
   897 | D:2      | 897 ||| Stepping ~*~*~tactically~*~*~ (stealth).
   898 | D:2      | 898 ||| Stepping ~*~*~tactically~*~*~ (stealth).
   899 | D:2      | 899 ||| Stepping ~*~*~tactically~*~*~ (stealth).
   900 | D:2      | 900 ||| Stepping ~*~*~tactically~*~*~ (stealth).
   969 | D:2      | 969 ||| Stepping ~*~*~tactically~*~*~ (stealth).
   970 | D:2      | 970 ||| Stepping ~*~*~tactically~*~*~ (stealth).
  1044 | D:2      | 1044 ||| Stepping ~*~*~tactically~*~*~ (stealth).
  1193 | D:2      | 1193 ||| UPGRADING to +0 chain mail.
  1203 | D:2      | 1203 ||| DROPPING +0 scale mail.
  1204 | D:2      | 1204 ||| UPGRADING to +0 cloak.
  1209 | D:2      | 1209 ||| READING scroll labelled TIXTUGU ZODA.
  1210 | D:2      | 1210 ||| READING scroll labelled NYVAOW HUDE.
  1211 | D:2      | 1211 ||| READING scroll labelled PAUSEJ FUNIXAOC.
  1212 | D:2      | 1212 ||| READING scroll labelled TAESIK FAECWEIH.
  1213 | D:2      | 1213 ||| DRINKING 2 fuming coppery potions.
  1214 | D:2      | 1214 ||| DRINKING 5 emerald potions.
  1215 | D:2      | 1215 ||| DROPPING potion of attraction.
  1216 | D:2      | 1216 ||| Stepping randomly (stuck).
  1217 | D:2      | 1217 ||| Stepping ~*~*~tactically~*~*~ (cloud).
  1218 | D:2      | 1218 ||| DRINKING 4 potions of curing.
  1218 | D:2      | 1218 ||| (to cure poison)
  1381 | D:3      | 1381 ||| Stepping ~*~*~tactically~*~*~ (hiding).
  1382 | D:3      | 1382 ||| Stepping ~*~*~tactically~*~*~ (hiding).
  1397 | D:3      | Reached XP level 4. HP: 18/26 MP: 5/8
  1401 | D:3      | Reached skill level 5 in Axes
  1537 | D:3      | Noticed a phantom
  1547 | D:3      | Killed a phantom
  1548 | D:3      | Reached skill level 3 in Armour
  1548 | D:3      | Gained mutation: Your magical nature lets you fly swiftly
                  | and evasively. [Tengu growth]
  1548 | D:3      | Reached XP level 5. HP: 30/30 MP: 9/9
  1627 | D:3      | 1627 ||| Stepping ~*~*~tactically~*~*~ (stealth).
  1647 | D:3      | 1647 ||| DRINKING 3 potions of curing.
  1647 | D:3      | 1647 ||| (to cure confusion)
  1650 | D:3      | Reached skill level 6 in Axes
  1650 | D:3      | Reached XP level 6. HP: 33/35 MP: 7/10
  2167 | D:3      | Found a burning altar of Makhleb.
  2184 | D:3      | Found a shimmering altar of Xom.
  2190 | D:3      | Found a glowing golden altar of the Shining One.
  2190 | D:3      | Found a white marble altar of Elyvilon.
  2191 | D:3      | Found a radiant altar of Vehumet.
  2192 | D:3      | Found a hide-covered altar of Uskayaw.
  2277 | D:3      | 2277 ||| UPGRADING to +0 plate armour.
  2287 | D:3      | 2287 ||| DROPPING +0 chain mail.
  2288 | D:3      | 2288 ||| READING scroll labelled JOXTO DECROPH.
  2407 | D:4      | HP: 8/35 [gnoll/+0 spear[a gnoll bouda] (5)]
  2412 | D:4      | HP: 5/35 [gnoll/+0 spear[a gnoll bouda] (2)]
  2413 | D:4      | HP: 1/35 [gnoll/+0 spear[a gnoll bouda] (4)]
  2753 | D:4      | You are sucked into a shaft and drop 3 floors!
  2760 | D:7      | Reached skill level 7 in Axes
  2765 | D:7      | Reached XP level 7. HP: 36/40 MP: 8/11
  2795 | D:7      | 2795 ||| READING 2 scrolls of identify.
  2795 | D:7      | 2795 ||| IDENTIFYING bubbling coppery potion
  2796 | D:7      | 2796 ||| DROPPING potion of lignification.
  2842 | D:6      | Reached skill level 3 in Fighting
  2887 | D:6      | Found an iron altar of Okawaru.
  2929 | D:6      | Became a worshipper of Warmaster Okawaru
  2930 | D:6      | 2930 ||| REMOVING amulet of guardian spirit.
  2974 | D:6      | 2974 ||| DROPPING amulet of guardian spirit.
  2981 | D:5      | Entered Level 5 of the Dungeon
  3027 | D:4      | 3027 ||| Stepping ~*~*~tactically~*~*~ (hiding).
  3141 | D:4      | Reached skill level 8 in Axes
  3375 | D:4      | Noticed Sigmund
  3385 | D:4      | Killed Sigmund
  3385 | D:4      | Reached * piety under Okawaru
  3386 | D:4      | Reached XP level 8. HP: 44/48 MP: 12/12
  3811 | D:4      | 3811 ||| READING 2 scrolls labelled AGEERU UNUKADE.
  3812 | D:4      | 3812 ||| DROPPING scroll of noise.
  3841 | D:5      | 3841 ||| Stepping ~*~*~tactically~*~*~ (hiding).
  3843 | D:5      | 3843 ||| Stepping ~*~*~tactically~*~*~ (hiding).
  3849 | D:5      | Reached skill level 1 in Invocations
  3886 | D:5      | 3886 ||| INVOKING Heroism.
  3892 | D:5      | 3892 ||| Stepping ~*~*~tactically~*~*~ (stealth).
  3924 | D:5      | 3924 ||| INVOKING Heroism.
  3939 | D:5      | Reached skill level 9 in Axes
  4196 | D:5      | 4196 ||| INVOKING Heroism.
  4203 | D:5      | Reached skill level 3 in Invocations
  4238 | D:5      | 4238 ||| INVOKING Heroism.
  4240 | D:5      | HP: 12/48 [adder (1)]
  4242 | D:5      | 4242 ||| DRINKING 3 potions of curing.
  4242 | D:5      | 4242 ||| (to cure poison)
  4570 | D:5      | 4570 ||| Stepping ~*~*~tactically~*~*~ (stealth).
  4572 | D:5      | 4572 ||| Stepping ~*~*~tactically~*~*~ (stealth).
  4579 | D:5      | 4579 ||| Stepping ~*~*~tactically~*~*~ (stealth).
  4583 | D:5      | 4583 ||| Stepping ~*~*~tactically~*~*~ (hiding).
  4586 | D:5      | 4586 ||| FLEEEEING.
  4588 | D:5      | 4588 ||| INVOKING Heroism.
  4590 | D:5      | Reached XP level 9. HP: 35/52 MP: 10/13
  4875 | D:5      | Found a runed translucent door.
  4876 | D:5      | Noticed Crazy Yiuf
  5066 | D:5      | 5066 ||| DRINKING 2 lumpy orange potions.
  5067 | D:5      | 5067 ||| DRINKING 2 bubbling purple potions.
  5067 | D:5      | Gained mutation: You are resistant to electric shocks.
                  | (rElec) [potion of mutation]
  5067 | D:5      | Gained mutation: A frigid envelope surrounds you and
                  | freezes all who hurt you. [potion of mutation]
  5067 | D:5      | Gained mutation: You are covered in fur. (AC +1) [potion of
                  | mutation]
  5068 | D:5      | 5068 ||| READING 2 scrolls of identify.
  5068 | D:5      | 5068 ||| IDENTIFYING yellow potion
  5069 | D:5      | 5069 ||| DROPPING potion of degeneration.
  5200 | D:6      | 5200 ||| Stepping ~*~*~tactically~*~*~ (stealth).
  5202 | D:6      | 5202 ||| Stepping ~*~*~tactically~*~*~ (stealth).
  5204 | D:6      | 5204 ||| INVOKING Heroism.
  5497 | D:6      | 5497 ||| INVOKING Heroism.
  5702 | D:6      | Reached skill level 10 in Axes
  5720 | D:6      | 5720 ||| Stepping ~*~*~tactically~*~*~ (stealth).
  5770 | D:6      | 5770 ||| INVOKING Heroism.
  5817 | D:6      | 5817 ||| Stepping ~*~*~tactically~*~*~ (hiding).
  5818 | D:6      | 5818 ||| Stepping ~*~*~tactically~*~*~ (hiding).
  5821 | D:6      | 5821 ||| Stepping ~*~*~tactically~*~*~ (hiding).
  6099 | D:6      | 6099 ||| READING 2 scrolls of identify.
  6099 | D:6      | 6099 ||| IDENTIFYING inky potion
  6100 | D:6      | 6100 ||| DROPPING potion of flight.
  6140 | D:7      | 6140 ||| INVOKING Heroism.
  6221 | D:7      | Reached ** piety under Okawaru
  6254 | D:7      | Found a stormy altar of Qazlal.
  6295 | D:7      | Found a shimmering blue altar of Sif Muna.
  6331 | D:7      | Found a bloodstained altar of Trog.
  6332 | D:7      | 6332 ||| INVOKING Heroism.
  6590 | D:7      | 6590 ||| Stepping ~*~*~tactically~*~*~ (stealth).
  6595 | D:7      | Reached skill level 11 in Axes
  6598 | D:7      | 6598 ||| INVOKING Heroism.
  6624 | D:7      | 6624 ||| FLEEEEING.
  6625 | D:7      | 6625 ||| FLEEEEING.
  6714 | D:7      | Reached skill level 6 in Armour
  6767 | D:7      | Found a staircase to the Ecumenical Temple.
  6782 | D:7      | 6782 ||| INVOKING Heroism.
  7006 | D:7      | 7006 ||| Stepping ~*~*~tactically~*~*~ (hiding).
  7015 | D:7      | 7015 ||| INVOKING Heroism.
  7017 | D:7      | Reached skill level 3 in Throwing
  7032 | D:7      | 7032 ||| Stepping ~*~*~tactically~*~*~ (stealth).
  7036 | D:7      | 7036 ||| INVOKING Heroism.
  7040 | D:7      | Reached XP level 10. HP: 59/59 MP: 11/14
  7042 | D:7      | 7042 ||| Stepping ~*~*~tactically~*~*~ (stealth).
  7051 | D:7      | HP: 14/59 [poisoned by a kobold brigand (curare-tipped
                  | dart)]
  7052 | D:7      | 7052 ||| READING scroll of teleportation.
  7053 | D:7      | 7053 ||| DRINKING 2 potions of heal wounds.
  7058 | D:7      | 7058 ||| INVOKING Heroism.
  7063 | D:7      | HP: 14/59 [poisoned by a killer bee]
  7075 | D:7      | HP: 13/59 [killer bee (4)]
  7077 | D:7      | 7077 ||| Stepping ~*~*~tactically~*~*~ (stealth).
  7078 | D:7      | 7078 ||| DRINKING potion of heal wounds.
  7079 | D:7      | 7079 ||| INVOKING Heroism.
  7549 | D:8      | 7549 ||| Stepping ~*~*~tactically~*~*~ (hiding).
  7554 | D:8      | 7554 ||| Stepping ~*~*~tactically~*~*~ (hiding).
  7675 | D:8      | Found a transporter.
  7682 | D:8      | Noticed qw's ghost (novice TeWr)
  7682 | D:8      | Noticed a moth of wrath
  7683 | D:8      | Found a bloodstained altar of Trog.
  7745 | D:8      | Found a transporter.
  7799 | D:8      | Found a basalt altar of Yredelemnul.
  7998 | D:8      | 7998 ||| INVOKING Heroism.
  8006 | D:8      | Reached skill level 12 in Axes
  8019 | D:8      | 8019 ||| INVOKING Heroism.
  8023 | D:8      | Killed from afar by an orc priest

Levels and vault maps discovered:
D:1:      tarquinn_simple_flora_water_a, layout_rooms,
          chequers_ecumenical_altar_simple
D:2:      layout_basic
D:3:      layout_basic, minitemple
D:4:      layout_basic, hangedman_glass_teeth, uniq_sigmund
D:5:      layout_basic, uniq_crazy_yiuf_cottage
D:6:      layout_gridville, okawaru_gym_becter
D:7:      layout_basic, nzn_overflow_gifts_of_might_and_magic,
          grunt_qazlal_clouds, temple_statues, grunt_ministairs_12
D:8:      layout_loops_corners, yredelemnul_altar_generic, serial_shops, shop,
          gammafunk_ghost_wrathful_warriors, kennysheep_dice, uniq_grum

Skill      XL: |  1  2  3  4  5  6  7  8  9 10 |
---------------+-------------------------------+-----
Axes           | 3 4 5 6 7 8 9 11 12 | 12.0
Armour         | 3 4 5 6 |  6.2
Fighting       | 3 4 5 |  5.7
Invocations    | 3 4 |  4.0
Throwing       | 3 |  3.0
Dodging        | |  2.1
Spellcasting   | |  2.0
Translocations | |  2.4

Action                   |  1- 3 |  4- 6 |  7- 9 | 10-12 || total
-------------------------+-------+-------+-------+-------++-------
Melee: Hand axe          |    49 |       |       |       ||    49
       Kick              |    13 |    17 |    58 |    12 ||   100
       Peck              |     9 |    11 |    40 |     6 ||    66
       War axe           |    34 |    64 |   208 |    40 ||   346
       Punch             |     1 |     1 |     7 |     5 ||    14
Throw: Boomerang         |     7 |    13 |       |       ||    20
       Javelin           |       |     2 |    22 |     7 ||    31
Invok: Heroism           |       |       |    14 |     4 ||    18
  Use: Scroll            |     6 |     1 |     4 |     1 ||    12
       Potion            |     3 |     1 |     3 |     2 ||     9
 Stab: Distracted        |       |       |       |     1 ||     1
Armor: Leather armour    |    19 |       |       |       ||    19
       Scale mail        |     9 |       |       |       ||     9
       Chain mail        |     6 |    22 |       |       ||    28
       Plate armour      |       |    36 |   134 |    25 ||   195
Dodge: Dodged            |    28 |    33 |    55 |    17 ||   133

Table legend:
 A = Non-vault XP
 B = Vault XP
 C = Vault XP percentage of total XP
 D = Non-vault monster count
 E = Vault monster count
 F = Vault count percentage of total count
                 A         B        C        D         E       F
            +---------+---------+-------+---------+---------+-------
      Total |    4872 |     869 |  15.1 |     156 |      12 |   7.1
            +---------+---------+-------+---------+---------+-------
        D:1 |      36 |       0 |   0.0 |      19 |       0 |   0.0
        D:2 |      35 |       0 |   0.0 |      15 |       0 |   0.0
        D:3 |     312 |       0 |   0.0 |      26 |       0 |   0.0
        D:4 |     349 |     231 |  39.8 |      14 |       1 |   6.7
        D:5 |     948 |       0 |   0.0 |      23 |       0 |   0.0
        D:6 |    1054 |       0 |   0.0 |      18 |       0 |   0.0
        D:7 |    1792 |     319 |  15.1 |      30 |       9 |  23.1
        D:8 |     346 |     319 |  48.0 |      11 |       2 |  15.4
            +---------+---------+-------+---------+---------+-------
